 Dungeon Crawl Stone Soup version 0.28-a0-1286-g6bde065e89 (webtiles) character file.

Game seed: 4140349490035481236

1767 ReploidZero the Covert (level 9, -4/43 (55) HPs)
             Began as a Kobold Brigand on Dec 27, 2021.
             Slain by a wight (12 damage)
             ... on level 6 of the Dungeon.
             The game lasted 00:19:06 (8333 turns).

ReploidZero the Covert (Kobold Brigand)             Turns: 8333, Time: 00:19:06

HP:   -4/43 (55)    AC:  4    Str:  8    XL:     9   Next: 28%
MP:   9/9           EV: 19    Int: 12    God:
Gold: 316           SH:  0    Dex: 21    Spells: 8/8 levels left

rFire   . . .      SeeInvis .   g - +3 dagger (venom)
rCold   . . .      Faith    .   (shield restricted)
rNeg    . . .      Spirit   .   b - +0 robe
rPois   .          Reflect  .   n - +0 helmet
rElec   .          Harm     .   c - +0 cloak
rCorr   .          Rampage  .   (no gloves)
Will    .....                   (no boots)
Stlth   ++++++....              (no amulet)
HPRegen 0.14/turn               (no ring)
MPRegen 0.11/turn               (no ring)

@: heavily drained
A: small, no large weapons, nightstalker 3
a: no special abilities


You were on level 6 of the Dungeon.
You visited 2 branches of the dungeon, and saw 8 of its levels.

You collected 316 gold pieces.

Inventory:

Hand Weapons
 g - a +3 dagger of venom (weapon)
Missiles
 d - 36 poisoned darts
 e - 4 curare-tipped darts (quivered)
Armour
 b - a +0 robe (worn)
 c - a +0 cloak (worn)
 n - a +0 helmet (worn)
Jewellery
 p - a ring of protection from fire
 s - an amulet of guardian spirit
Scrolls
 l - a scroll of amnesia
 q - a scroll of fog
Potions
 a - a potion of ambrosia
 f - a potion of magic
 h - a potion of haste {unknown}
 i - a potion of curing
 k - a potion of cancellation
 m - 2 potions of brilliance
 r - a potion of degeneration {unknown}


   Skills:
 + Level 5.9 Fighting
 + Level 7.1 Short Blades
 - Level 2.1 Throwing
 + Level 6.1 Dodging
 * Level 11.5 Stealth


You had 8 spell levels left.
You didn't know any spells.
Your spell library contained the following spells:

 Spells                   Type           Power      Damage    Failure   Level
 Shock                    Conj/Air       0%         1d3       32%         1
 Swiftness                Air            0%         N/A       69%         3
 Airstrike                Air            0%         N/A       97%         4


Dungeon Overview and Level Annotations

Branches:
Dungeon (7/15)             Temple (1/1) D:5

Altars:
Ashenzari
Cheibriados
Dithmenos
Elyvilon
Fedhas
Gozag
Hepliaklqana
Kikubaaqudgha
Nemelex Xobeh
Qazlal
Ru
Sif Muna
Trog
Uskayaw
Vehumet
Wu Jian
Xom
Yredelemnul
Zin
The Shining One

Shops:
D:2 (=   D:5 *


Innate Abilities, Weirdness & Mutations

You are small and have problems with some larger weapons.
You are completely attuned to the shadows.


Message History

Throw: 4 darts (curare)
Press: ? - help, Q - select action, (/) - cycle Shift-Dir - straight line, f - wight
Aim: a wight, wielding a +0 war axe and wearing a +0 robe (lightly damaged, 65% to hit)
Okay, then.
Hit: g) +3 dagger (venom)
Press: ? - help, Dir - move target, f - wight
Aim: a wight, wielding a +0 war axe and wearing a +0 robe (lightly damaged, about 27% to evade your +3 dagger of venom)
Okay, then.
Unknown command.
You hit the wight.
The wight is heavily damaged.
The wight misses you.
You hit the wight but do no damage.
The wight is heavily damaged.
You hit the wight but do no damage.
The wight is heavily damaged.
The wight completely misses you.
You barely miss the wight.
The wight is heavily damaged.
The wight completely misses you.
You hit the wight but do no damage.
The wight is heavily damaged.
You barely miss the wight.
The wight is heavily damaged.
The wight hits you with a +0 war axe!
You feel drained.
* * * LOW HITPOINT WARNING * * *
You hit the wight but do no damage.
The wight is heavily damaged.
The wight hits you with a +0 war axe!
* * * LOW HITPOINT WARNING * * *
You feel drained.
* * * LOW HITPOINT WARNING * * *
You hit the wight.
The wight is severely damaged.
You feel better. The wight hits you with a +0 war axe.
* * * LOW HITPOINT WARNING * * *
You feel drained.
* * * LOW HITPOINT WARNING * * *
You feel better. The wight hits you with a +0 war axe!
You die...

##..........###...
#........).....>..
#...........###...
#...........# #...
#...........# #...
#...........# #...
####...........###...
#....................
#...@................
#..z..###############
#.....# #.....
################.....
#.............
#..........###
#).........#
#..........#
#..........#


You could see a wight.

Vanquished Creatures
  3 black bears
  An ice beast (D:7)
  A necrophage (D:4)
  An ogre (D:5)
  2 centaurs (D:6)
  A phantom (D:6)
  2 scorpions
  2 water moccasin zombies
  5 wights
  2 centaur zombies
  2 hounds (D:4)
  A jelly (D:4)
  3 orc priests
  2 iguanas
  3 orc wizards
  A hound skeleton (D:5)
  4 gnolls (D:3)
  5 adders
  A shadow imp (D:6)
  An ufetubus (D:6)
  A worm (D:2)
  2 dart slugs
  22 orcs
  4 endoplasms
  2 giant cockroaches
  6 goblins
  12 hobgoblins
  4 quokkas
  6 ball pythons
  8 bats
  2 frilled lizards (D:1)
  11 kobolds
  7 rats
130 creatures vanquished.

Notes
Turn   | Place    | Note
-------+----------+-------------------------------------------
     0 | D:1      | ReploidZero the Kobold Brigand began the quest for the Orb.
     0 | D:1      | Reached XP level 1. HP: 12/12 MP: 1/1
    58 | D:1      | Reached XP level 2. HP: 18/18 MP: 2/2
    58 | D:1      | You fall into a shaft and drop 1 floor!
   111 | D:2      | Found Zufiupe's Jewellery Shop.
   353 | D:2      | Reached XP level 3. HP: 22/22 MP: 3/3
   553 | D:2      | Reached skill level 6 in Stealth
   594 | D:2      | Found Goceos Ywnu's Weapon Shop.
  1204 | D:1      | Reached XP level 4. HP: 27/27 MP: 4/4
  2043 | D:3      | Found an opulent altar of Gozag.
  2368 | D:3      | Reached XP level 5. HP: 32/32 MP: 5/5
  2818 | D:3      | Reached skill level 7 in Stealth
  3118 | D:4      | Reached XP level 6. HP: 37/37 MP: 6/6
  3433 | D:4      | Found a stormy altar of Qazlal.
  3591 | D:4      | Reached skill level 8 in Stealth
  3741 | D:4      | Reached XP level 7. HP: 42/42 MP: 7/7
  3893 | D:4      | Found a shimmering altar of Xom.
  4210 | D:5      | Entered Level 5 of the Dungeon
  4254 | D:5      | Reached skill level 5 in Short Blades
  4713 | D:5      | Reached skill level 9 in Stealth
  4724 | D:5      | Reached XP level 8. HP: 24/48 MP: 8/8
  5401 | D:5      | Found a white marble altar of Elyvilon.
  5457 | D:5      | Found a staircase to the Ecumenical Temple.
  5595 | D:5      | Found Iwucaomp's Lightly-Used Armoury.
  5815 | Temple   | Entered the Ecumenical Temple
  6036 | D:6      | Reached skill level 5 in Fighting
  6036 | D:6      | Reached skill level 5 in Dodging
  6036 | D:6      | Reached skill level 10 in Stealth
  7287 | D:7      | Reached XP level 9. HP: 54/54 MP: 9/9
  7342 | D:7      | Reached skill level 11 in Stealth
  8330 | D:6      | HP: 1/44 [wight (4)]
  8333 | D:6      | Slain by a wight

Illustrated notes

Levels and vault maps discovered:
D:1:      wander_arrival_desolate, layout_basic, feat_on_display
D:2:      layout_rooms, serial_shops, nicolae_shop_bloodbath_and_beyond, shop,
          chequers_garden, minivault_5, chequers_serial_rivers_marsh,
          nrook_mini_backslash, hangedman_feature_mirror
D:3:      layout_rooms, mainiacjoe_overflow_small_starburst
D:4:      layout_loops_ring, nicolae_overflow_hidden_temple,
          general_overflow_altar
D:5:      layout_loops_ring, lemuel_coloured_pillars_altar,
          minmay_temple_entry_poolview, hangedman_decor_lopped,
          minmay_shop_damaged
D:6:      layout_basic
D:7:      layout_cave_pools, mainiacjoe_overflow_cross_hatched, serial_shops,
          nicolae_shop_hallway_plus
Temple:   compressed_dpeg_circular_temple

Skill      XL: |  1  2  3  4  5  6  7  8  9 |
---------------+----------------------------+-----
Short Blades   | 3 4 5 6 7 |  7.1
Stealth        | 6 7 8 9 10 11 | 11.5
Dodging        | 2 3 4 5 6 |  6.1
Fighting       | 3 4 5 |  5.9
Throwing       | |  2.1

Action                   |  1- 3 |  4- 6 |  7- 9 || total
-------------------------+-------+-------+-------++-------
Melee: Dagger            |    52 |   138 |   225 ||   415
Throw: Dart              |       |     4 |     7 ||    11
  Use: Scroll            |     3 |     5 |     6 ||    14
       Potion            |       |     2 |     3 ||     5
 Stab: Sleeping          |    15 |    30 |    22 ||    67
       Distracted        |     1 |       |     1 ||     2
Armor: Robe              |     2 |     4 |    25 ||    31
Dodge: Dodged            |    21 |    60 |   156 ||   237

Table legend: (Time is in decaauts)
 A = Elapsed time spent in this place.
 B = Non-inter-level travel time spent in this place.
 C = Inter-level travel time spent in this place.
 D = Time resting spent in this place.
 E = Time spent auto-exploring this place.
 F = Levels seen in this place.
 G = Mean time per level.
                   A        B        C        D        E       F      G
               +--------+--------+--------+--------+--------+-----+--------+
         Total |   8235 |   7832 |    403 |      0 |   6825 |   8 | 1029.4 |
       Dungeon |   8084 |   7709 |    375 |      0 |   6721 |   7 | 1154.9 |
        Temple |    150 |    122 |     28 |      0 |    104 |   1 |  150.0 |
               +--------+--------+--------+--------+--------+-----+--------+

Top non-repeatable levels by time:
     D:6: 1993 daAuts
     D:5: 1615 daAuts
     D:3: 1103 daAuts
     D:4: 1077 daAuts
     D:1: 1056 daAuts
     D:2: 939 daAuts
     D:7: 298 daAuts
  Temple: 150 daAuts
